 Dungeon Crawl Stone Soup version 0.30-a0-879-ga8ba668304 (webtiles) character file.

Game seed: 4997951549236765576

734 jasper the Trooper (level 7, -1/56 HPs)
             Began as a Demonspawn Gladiator on Mar 13, 2023.
             Was an Initiate of Ignis.
             Slain by Duvessa
             ... wielding a +5 short sword of protection
              (13 damage)
             ... on level 5 of the Dungeon.
             The game lasted 00:07:46 (5127 turns).

jasper the Trooper (Demonspawn Gladiator)           Turns: 5127, Time: 00:07:46

Health: -1/56      AC:  3    Str: 14    XL:     7   Next: 45%
Magic:  7/7        EV: 13    Int: 12    God:    Ignis [......]
Gold:   215        SH:  0    Dex: 14    Spells: 0/6 levels left

rFire   + . .      SeeInvis .      - Unarmed
rCold   . . .      Faith    .    (no shield)
rNeg    . . .      Spirit   .    a - +0 leather armour
rPois   .          Reflect  .    (helmet restricted)
rElec   .          Rampage  .    (no cloak)
rCorr   .                        (no gloves)
Will    +....                    (no boots)
Stlth   +                        (no amulet)
HPRegen 0.29/turn                c - ring of willpower
MPRegen 0.20/turn                (no ring)

@: very slightly contaminated
A: horns 1, powered by pain 1, magic regeneration
a: Renounce Religion, Rising Flame


You were on level 5 of the Dungeon.
You worshipped Ignis.
Ignis was noncommittal.
You visited 1 branch of the dungeon, and saw 5 of its levels.

You collected 215 gold pieces.

Inventory:

Hand Weapons
 e - a +1 dagger of venom
 n - the +4 whip "Wuros" {flame, rN++ Will- Int+10}
   (You found it on level 3 of the Dungeon)

   Int:       It affects your intelligence (+10).
   rN:        It greatly protects you from negative energy.
   Will:      It decreases your willpower.
Missiles
 i - 2 poisoned darts
 j - 37 stones (quivered)
 o - 2 throwing nets
Armour
 a - a +0 leather armour (worn)
 b - a +1 helmet
Jewellery
 c - a ring of willpower (left hand)
Scrolls
 k - a scroll of brand weapon {unknown}
 m - a scroll of vulnerability {unknown}
 p - a scroll of identify
 r - a scroll of magic mapping {unknown}
 s - a scroll of poison {unknown}
 u - a scroll of immolation
 w - a scroll of teleportation {unknown}
Potions
 d - a potion of cancellation {unknown}
 f - a potion of brilliance
 g - a potion of magic {unknown}
 h - a potion of haste {unknown}
 l - 2 potions of heal wounds
 q - a potion of ambrosia {unknown}
 t - a potion of curing {unknown}
 v - a potion of lignification {unknown}


   Skills:
 - Level 5.1 Fighting
 - Level 1.7 Throwing
 - Level 4.0 Dodging
 - Level 5.0 Unarmed Combat
 + Level 3.4 Poison Magic


You couldn't memorise any spells.
You knew the following spells:

 Your Spells              Type           Power      Damage    Failure   Level
a - Blink                 Tloc           0%         N/A       54%         2
b - Olgreb's Toxic Radia  Pois           8%         N/A       71%         4

Your spell library contained the following spells:

 Spells                   Type           Power      Damage    Failure   Level
 Sting                    Tmut/Pois      16%        1d3       22%         1
 Poisonous Vapours        Pois/Air       8%         N/A       32%         2
 Shock                    Conj/Air       0%         1d3       38%         1
 Slow                     Hex            0%         N/A       38%         1
 Lesser Beckoning         Tloc           0%         N/A       54%         2
 Momentum Strike          Conj/Tloc      0%         3d8       54%         2
 Confusing Touch          Hex            0%         N/A       77%         3
 Vampiric Draining        Necr           0%         2d6       77%         3


Dungeon Overview and Level Annotations

Branches:
Dungeon (5/15)
 Temple: D:4-7

Altars:
Qazlal
Ignis

Annotations:
D:3 1 runed translucent door, CowFu's ghost, amateur DsFi
D:5 Dowan; Duvessa


Innate Abilities, Weirdness & Mutations

You have a pair of small horns on your head.
You sometimes gain a little power by taking damage.
You regenerate magic rapidly.


Message History

The foxfire hits Duvessa.
Duvessa is almost dead.
The foxfire hits Duvessa.
Duvessa is almost dead.
The foxfire hits Duvessa but does no damage.
Duvessa is almost dead.
The foxfire hits Duvessa but does no damage.
Duvessa is almost dead.
The foxfire hits Duvessa but does no damage.
Duvessa is almost dead.
The foxfire hits Duvessa but does no damage.
Duvessa is almost dead.
The foxfire hits Duvessa but does no damage.
Duvessa is almost dead.
The foxfire hits Duvessa.
Duvessa is almost dead.
The foxfire hits Duvessa but does no damage.
Duvessa is almost dead.
The foxfire hits Duvessa but does no damage.
Duvessa is almost dead.
The foxfire hits Duvessa but does no damage.
Duvessa is almost dead.
You feel much better.
Duvessa hits you with a +5 short sword of protection!
Duvessa misses you.
You regained 20 hp, and now have 22/56 hp.
Activating: Foxfire Swarm
Press: ? - help, Dir - look around, f - activate Flames leap up around you!
You can no longer armour yourself in flame.
You can no longer call a swarm of foxfires against your foes.
Dowan gestures wildly while chanting.
Dowan blinks!
Duvessa hits you with a +5 short sword of protection!
* * * LOW HITPOINT WARNING * * *
You take 10 damage, and have 12/56 hp.
Your foxfire dissipates!
Duvessa attacks as you move away!
Duvessa hits you with a +5 short sword of protection!
You die...

#.#§#.#.#......##.
#...........##.##.
#.#.e.....#....##.
##.................
#..#.#.....#.#.....
#e...............##
#vv#v#.#...#.#.#.##
#vevv.......#......
#v@#§#.#.#.#.#.#.#.
#v.vv............†.
#v###............##
#................#
#####............#
##...........#
##.#......###
##########


You could see Duvessa (fast, ally target) and Dowan (ally target).

Vanquished Creatures
  2 black bears (D:4)
  A scorpion (D:2)
  A howler monkey (D:3)
  3 hounds
  2 jellies (D:4)
  An orc priest (D:3)
  3 orc wizards
  8 gnolls
  4 adders
  2 worms (D:2)
  7 dart slugs
  6 orcs
  12 ball pythons
  9 endoplasms
  A giant cockroach (D:4)
  6 goblins
  7 hobgoblins
  3 quokkas
  2 bats
  A frilled lizard (D:3)
  8 kobolds
  9 rats
98 creatures vanquished.

Vanquished Creatures (others)
  94 foxfires
  A fungus (D:1)
  3 plants (D:1)
98 creatures vanquished.

Grand Total: 196 creatures vanquished

Notes
Turn   | Place    | Note
-------+----------+-------------------------------------------
     0 | D:1      | jasper the Demonspawn Gladiator began the quest for the
                  | Orb.
     0 | D:1      | Reached XP level 1. HP: 16/16 MP: 1/1
   213 | D:1      | Gained mutation: You regenerate magic rapidly. [demonic
                  | ancestry]
   213 | D:1      | Reached XP level 2. HP: 18/23 MP: 2/2
   635 | D:1      | Found a faded altar of an unknown god.
   641 | D:1      | Got Plato's Anthology of the Nimbus
   662 | D:1      | Prayed at the altar of an unknown god.
   662 | D:1      | Became a worshipper of Ignis, the Dying Flame
   873 | D:1      | Gained mutation: You sometimes gain a little power by
                  | taking damage. [demonic ancestry]
   873 | D:1      | Reached XP level 3. HP: 28/28 MP: 3/3
  2218 | D:2      | Reached XP level 4. HP: 35/35 MP: 4/4
  2296 | D:2      | Noticed a scorpion
  2332 | D:2      | Killed a scorpion
  2588 | D:3      | Reached XP level 5. HP: 31/42 MP: 5/5
  2969 | D:3      | Found a runed translucent door.
  3014 | D:3      | Noticed CowFu's ghost (amateur DsFi)
  3155 | D:3      | Learned a level 2 spell: Blink
  3404 | D:3      | Noticed a fire elemental
  3407 | D:3      | Found a stormy altar of Qazlal.
  3409 | D:3      | Noticed a water elemental
  3409 | D:3      | Noticed an air elemental
  3619 | D:3      | Identified the +4 whip "Wuros" {flame, rN++ Will- Int+10}
  3788 | D:4      | Noticed a black bear
  3851 | D:3      | Discovered your monstrous ancestry.
  3851 | D:3      | Gained mutation: You have a pair of small horns on your
                  | head. [demonic ancestry]
  3851 | D:3      | Reached XP level 6. HP: 42/50 MP: 6/6
  4070 | D:3      | Reached skill level 5 in Unarmed Combat
  4078 | D:4      | Reached skill level 5 in Fighting
  4326 | D:4      | Reached XP level 7. HP: 51/56 MP: 7/7
  4331 | D:4      | Learned a level 4 spell: Olgreb's Toxic Radiance
  4917 | D:5      | Entered Level 5 of the Dungeon
  5109 | D:5      | Noticed Dowan
  5109 | D:5      | Noticed Duvessa
  5123 | D:5      | HP: 2/56 [Duvessa/+5 short sword of protection (7)]
  5127 | D:5      | Slain by Duvessa

Illustrated notes

Levels and vault maps discovered:
D:1:      wheals_arrival_linesprint, layout_basic,
          shapermc_ecumenical_altar_rom_forum, serial_bayou_ford_a, minivault_26
D:2:      layout_basic, grunt_decor_fettered
D:3:      layout_basic, nicolae_qazlal_style_of_elements,
          hellmonk_ghost_happy_afterlife
D:4:      layout_gridville, mainiacjoe_overflow_boulevard
D:5:      layout_cave_pods, minmay_temple_entry_ruins,
          minmay_misc_feat_diagonals, hangedman_decor_riveting,
          uniq_crazy_yiuf_cottage, uniq_duvessa

Skill      XL: |  1  2  3  4  5  6  7 |
---------------+----------------------+-----
Unarmed Combat | 3 4 5 |  5.0
Fighting       | 3 4 5 |  5.1
Dodging        | 4 |  4.0
Poison Magic   | 3 |  3.4
Throwing       | |  1.7

Action                     |  1- 3 |  4- 6 |  7- 9 || total
---------------------------+-------+-------+-------++-------
  Melee: Unarmed           |   161 |   161 |    49 ||   371
         Punch             |     3 |     1 |       ||     4
         Headbutt          |       |     4 |    13 ||    17
  Throw: Stone             |     6 |    11 |     1 ||    18
         Throwing net      |       |     4 |       ||     4
         Javelin           |       |     1 |       ||     1
         Dart              |       |       |     2 ||     2
 Invoke: Foxfire Swarm     |       |     3 |     6 ||     9
    Use: Scroll            |     8 |       |       ||     8
         Potion            |       |       |     1 ||     1
   Stab: Sleeping          |     1 |     1 |       ||     2
 Armour: Leather armour    |    36 |    33 |     5 ||    74
  Dodge: Dodged            |    72 |    72 |    32 ||   176

Table legend: (Time is in decaauts)
 A = Elapsed time spent in this place.
 B = Non-inter-level travel time spent in this place.
 C = Inter-level travel time spent in this place.
 D = Time resting spent in this place.
 E = Time spent auto-exploring this place.
 F = Levels seen in this place.
 G = Mean time per level.
                   A        B        C        D        E       F      G
               +--------+--------+--------+--------+--------+-----+--------+
         Total |   5116 |   4778 |    338 |    470 |   3239 |   5 | 1023.2 |
       Dungeon |   5116 |   4778 |    338 |    470 |   3239 |   5 | 1023.2 |
               +--------+--------+--------+--------+--------+-----+--------+

Top non-repeatable levels by time:
     D:3: 1523 daAuts
     D:1: 1285 daAuts
     D:2: 1210 daAuts
     D:4: 915 daAuts
     D:5: 181 daAuts
